Canadiens vs Panthers

Created - October 10 2009 at 12:15

Simulating a Pre-Season

Goals
1 2 3 T
Canadiens 1 1 0 2
Panthers 1 0 0 1
Shots
1 2 3 T
Canadiens 9 12 15 36
Panthers 4 2 5 11

Period #1

1. Panthers , Michael Peca 1 (Jason Chimera) at 12:39
2. Canadiens , Evgeni Malkin 2 (David Booth, Francis Bouillon) at 13:03

Penalties :
Christian Ehrhoff (FLA) for Roughing (Minor) at 1:10, Milan Lucic (MTL) for Holding (Minor) at 3:16, Mike Komisarek (MTL) for Holding (Minor) at 10:30, Steven Goertzen (FLA) for Holding (Minor) at 14:31, Jaroslav Spacek (FLA) for Slashing (Minor) at 17:06

Period #2

3. Canadiens , Loui Eriksson 3 (Pascal Dupuis, Evgeni Malkin) at 8:31 (PP)

Penalties :
Marc Methot (FLA) for Roughing (Minor) at 6:33, Kris Russell (FLA) for Slashing (Minor) at 9:34, Marc Methot (FLA) for Holding (Minor) at 9:49, Craig Rivet (FLA) for Hooking (Minor) at 15:31, Christian Ehrhoff (FLA) for Cross-checking (Minor) at 18:42

Period #3

No Goal

Penalties :
Milan Lucic (MTL) for Hooking (Minor) at 3:29, Kris Russell (FLA) for Goalie Interference (Minor) at 7:28, Nick Schultz (FLA) for Fighting (Major) at 9:37, Milan Lucic (MTL) for Fighting (Major) at 9:37, Dustin Brown (MTL) for Roughing (Minor) at 13:54, Patrick O'Sullivan (FLA) for Hooking (Minor) at 17:15

Goalie Stats

Evgeni Nabokov (MTL), 10 saves from 11 shots - (0.909), W, 1-3-1, 60:00 minutes
Jaroslav Halak (FLA), 34 saves from 36 shots - (0.944), L, 1-2-1, 59:21 minutes

Players Stats

Canadiens
Player Name              G  A  P  +/- PIM S  H  SB FO    MP 
------------------------------------------------------------
Andrei Markov            0  0  0   0  0   0  0  0  0/0   19 
Anton Volchenkov         0  0  0   0  0   0  3  0  0/0   15 
Brent Seabrook           0  0  0   1  0   2  1  0  0/0   22 
David Booth              0  1  1   1  0   5  4  0  0/1   18 
Dustin Brown             0  0  0   0  2   2  2  0  0/1   17 
Evgeni Malkin            1  1  2   1  0   7  0  0  7/15  20 
Francis Bouillon         0  1  1   1  0   0  0  0  0/0   4  
Jason Pominville         0  0  0   0  0   4  0  0  0/0   19 
Ken Klee                 0  0  0  -1  0   1  0  0  0/0   16 
Loui Eriksson            1  0  1   0  0   6  1  0  1/3   22 
Maxime Talbot            0  0  0   1  0   0  1  0  7/11  10 
Mike Komisarek           0  0  0  -1  2   0  5  2  0/0   18 
Milan Lucic              0  0  0  -1  9   3  2  0  2/3   13 
Pascal Dupuis            0  1  1   0  0   0  0  0  0/0   3  
Patrik Berglund          0  0  0  -1  0   0  0  0  9/15  16 
R.J. Umberger            0  0  0  -1  0   4  0  0  1/1   19 
Shawn Horcoff            0  0  0   0  0   2  0  0  14/27 22 
Tom Gilbert              0  0  0   0  0   0  0  0  0/0   20 
Panthers
Player Name              G  A  P  +/- PIM S  H  SB FO    MP 
------------------------------------------------------------
Andy McDonald            0  0  0   0  0   2  0  1  8/19  17 
Anze Kopitar             0  0  0   0  0   0  0  0  9/15  11 
Bryan Little             0  0  0   0  0   3  0  0  0/1   17 
Christian Ehrhoff        0  0  0   0  4   1  1  0  0/1   14 
Craig Rivet              0  0  0  -1  2   0  2  1  0/0   21 
Jaroslav Spacek          0  0  0  -1  2   0  1  1  0/0   21 
Jason Chimera            0  1  1   1  0   1  1  0  0/1   8  
Jason Smith              0  0  0   1  0   0  2  2  0/0   16 
Jim Slater               0  0  0  -1  0   0  2  1  1/2   15 
Josh Bailey              0  0  0   1  0   0  1  0  10/19 17 
Kris Russell             0  0  0   0  4   2  1  3  0/0   18 
Marc Methot              0  0  0   0  4   0  1  0  0/0   18 
Maxim Afinogenov         0  0  0   0  0   0  1  0  0/1   17 
Michael Peca             1  0  1   0  0   1  0  0  8/16  16 
Mike Knuble              0  0  0   0  0   1  2  1  0/1   12 
Nick Schultz             0  0  0   0  5   0  0  1  0/0   18 
Patrick O'Sullivan       0  0  0   0  2   0  0  0  0/1   18 
Steven Goertzen          0  0  0   0  2   0  6  0  0/0   6  

3 Stars

1 - Evgeni Malkin (MTL)
2 - Jaroslav Halak (FLA)
3 - David Booth (MTL)

Power Play

Canadiens - 1 on 10 Attempt(s) - 10.00%
Panthers - 0 on 4 Attempt(s) - 0.00%

Penalty Kill

Canadiens - 4 on 4 Attempt(s) - 100.00% - Score 0 goal in Penalty Kill
Panthers - 9 on 10 Attempt(s) - 90.00% - Score 0 goal in Penalty Kill

Game Notes

Nick Schultz and Milan Lucic fight to a draw at 9:37 of 3rd period

Play by Play

Period #1

0:01 of 1st period - Evgeni Malkin wins face-off versus Anze Kopitar in neutral zone.
0:14 of 1st period - Shot by David Booth.
0:14 of 1st period - Stopped by Jaroslav Halak with a rebound.
0:16 of 1st period - Shot by Brent Seabrook.
0:16 of 1st period - Stopped by Jaroslav Halak without a rebound.
0:17 of 1st period - Shawn Horcoff wins face-off versus Andy McDonald in Panthers zone.
0:18 of 1st period - Shot by Loui Eriksson.
0:18 of 1st period - Shot Blocked by Kris Russell.
0:20 of 1st period - Shot by Shawn Horcoff.
0:20 of 1st period - Deflect By Loui Eriksson.
0:20 of 1st period - Shot Misses the Net.
0:22 of 1st period - Shot by Loui Eriksson.
0:22 of 1st period - Shot Misses the Net.
0:24 of 1st period - Shot by Loui Eriksson.
0:24 of 1st period - Deflect By Shawn Horcoff.
0:24 of 1st period - Shot Blocked by Kris Russell.
0:28 of 1st period - Shot by Dustin Brown.
0:28 of 1st period - Stopped by Jaroslav Halak without a rebound.
0:29 of 1st period - Milan Lucic wins face-off versus Josh Bailey in Panthers zone.
0:29 of 1st period - Patrik Berglund is hit by Marc Methot and loses puck.
0:56 of 1st period - Shot by Christian Ehrhoff.
0:56 of 1st period - Shot Misses the Net.
1:09 of 1st period - Milan Lucic is hit by Jason Chimera and loses puck.
1:10 of 1st period - Minor Penalty to Christian Ehrhoff for Roughing.
1:11 of 1st period - Michael Peca wins face-off versus David Booth in Panthers zone.
1:24 of 1st period - Shot by David Booth.
1:24 of 1st period - Shot Blocked by Jaroslav Spacek.
2:08 of 1st period - Jason Smith is hit by Loui Eriksson and loses puck.
2:45 of 1st period - Shot by Jason Pominville.
2:45 of 1st period - Shot Misses the Net.
3:16 of 1st period - Minor Penalty to Milan Lucic for Holding.
3:17 of 1st period - Maxime Talbot wins face-off versus Andy McDonald in Canadiens zone.
4:41 of 1st period - Shot by Christian Ehrhoff.
4:41 of 1st period - Stopped by Evgeni Nabokov without a rebound.
4:42 of 1st period - Maxime Talbot wins face-off versus Andy McDonald in Canadiens zone.
5:00 of 1st period - Off-side.
5:01 of 1st period - Maxime Talbot wins face-off versus Anze Kopitar in neutral zone.
5:46 of 1st period - Shot by Patrik Berglund.
5:46 of 1st period - Shot Misses the Net.
6:20 of 1st period - Shot by Bryan Little.
6:20 of 1st period - Shot Misses the Net.
6:24 of 1st period - Shot by Andy McDonald.
6:24 of 1st period - Stopped by Evgeni Nabokov without a rebound.
6:25 of 1st period - Maxime Talbot wins face-off versus Josh Bailey in Canadiens zone.
6:30 of 1st period - Shot by Evgeni Malkin.
6:30 of 1st period - Shot Misses the Net.
6:32 of 1st period - Shot by Maxime Talbot.
6:32 of 1st period - Shot Misses the Net.
6:41 of 1st period - Shot by Brent Seabrook.
6:41 of 1st period - Shot Blocked by Jason Smith.
7:01 of 1st period - Shot by Christian Ehrhoff.
7:01 of 1st period - Shot Misses the Net.
7:59 of 1st period - Andy McDonald is hit by Anton Volchenkov and loses puck.
8:23 of 1st period - Maxim Afinogenov is hit by Anton Volchenkov and loses puck.
8:45 of 1st period - Shot by Mike Knuble.
8:45 of 1st period - Stopped by Evgeni Nabokov without a rebound.
8:46 of 1st period - Evgeni Malkin wins face-off versus Michael Peca in Canadiens zone.
9:06 of 1st period - Shot by Jason Pominville.
9:06 of 1st period - Stopped by Jaroslav Halak without a rebound.
9:07 of 1st period - Anze Kopitar wins face-off versus Patrik Berglund in Panthers zone.
9:11 of 1st period - Icing by Patrick O'Sullivan.
9:12 of 1st period - Patrik Berglund wins face-off versus Anze Kopitar in Panthers zone.
9:17 of 1st period - Shot by Milan Lucic.
9:17 of 1st period - Shot Misses the Net.
9:21 of 1st period - Shot by Patrik Berglund.
9:21 of 1st period - Deflect By R.J. Umberger.
9:21 of 1st period - Stopped by Jaroslav Halak without a rebound.
9:22 of 1st period - Maxime Talbot wins face-off versus Maxim Afinogenov in Panthers zone.
9:23 of 1st period - Shot by Evgeni Malkin.
9:23 of 1st period - Shot Misses the Net.
9:32 of 1st period - Icing by Nick Schultz.
9:33 of 1st period - Andy McDonald wins face-off versus Patrik Berglund in Panthers zone.
9:33 of 1st period - Andy McDonald is hit by Milan Lucic.
10:13 of 1st period - Kris Russell is hit by Mike Komisarek and loses puck.
10:21 of 1st period - Icing by Ken Klee.
10:22 of 1st period - Patrik Berglund wins face-off versus Josh Bailey in Canadiens zone.
10:28 of 1st period - Christian Ehrhoff is hit by Mike Komisarek and loses puck.
10:30 of 1st period - Minor Penalty to Mike Komisarek for Holding.
10:31 of 1st period - Shawn Horcoff wins face-off versus Anze Kopitar in Canadiens zone.
10:31 of 1st period - Shawn Horcoff is hit by Mike Knuble.
12:37 of 1st period - Shot by Michael Peca.
12:37 of 1st period - Shot Misses the Net.
12:39 of 1st period - Shot by Michael Peca.
12:39 of 1st period - Goal by Michael Peca - Canadiens : 0 - Panthers : 1.
12:40 of 1st period - Josh Bailey wins face-off versus Milan Lucic in neutral zone.
12:54 of 1st period - Off-side.
12:55 of 1st period - Michael Peca wins face-off versus Maxime Talbot in neutral zone.
12:55 of 1st period - Jaroslav Spacek is hit by Maxime Talbot.
13:03 of 1st period - Shot by Evgeni Malkin.
13:03 of 1st period - Goal by Evgeni Malkin - Canadiens : 1 - Panthers : 1.
13:04 of 1st period - Michael Peca wins face-off versus Patrik Berglund in neutral zone.
13:12 of 1st period - Icing by Ken Klee.
13:13 of 1st period - R.J. Umberger wins face-off versus Josh Bailey in Canadiens zone.
13:28 of 1st period - Shot by R.J. Umberger.
13:28 of 1st period - Deflect By Patrik Berglund.
13:28 of 1st period - Shot Misses the Net.
13:32 of 1st period - Shot by Patrik Berglund.
13:32 of 1st period - Shot Misses the Net.
13:34 of 1st period - Shot by Ken Klee.
13:34 of 1st period - Stopped by Jaroslav Halak without a rebound.
13:35 of 1st period - Andy McDonald wins face-off versus Shawn Horcoff in Panthers zone.
14:19 of 1st period - Icing by Anton Volchenkov.
14:20 of 1st period - Shawn Horcoff wins face-off versus Michael Peca in Canadiens zone.
14:20 of 1st period - Shawn Horcoff is hit by Steven Goertzen.
14:25 of 1st period - Loui Eriksson is hit by Steven Goertzen and loses puck.
14:29 of 1st period - Anton Volchenkov is hit by Steven Goertzen and loses puck.
14:31 of 1st period - Minor Penalty to Steven Goertzen for Holding.
14:32 of 1st period - Josh Bailey wins face-off versus Evgeni Malkin in Panthers zone.
14:59 of 1st period - Shot by Andrei Markov.
14:59 of 1st period - Shot Misses the Net.
16:34 of 1st period - Icing by Ken Klee.
16:35 of 1st period - Anze Kopitar wins face-off versus Patrik Berglund in Canadiens zone.
17:06 of 1st period - Minor Penalty to Jaroslav Spacek for Slashing.
17:07 of 1st period - Josh Bailey wins face-off versus Shawn Horcoff in Panthers zone.
17:20 of 1st period - Shot by Shawn Horcoff.
17:20 of 1st period - Stopped by Jaroslav Halak without a rebound.
17:21 of 1st period - Michael Peca wins face-off versus Evgeni Malkin in Panthers zone.
17:44 of 1st period - Shot by Loui Eriksson.
17:44 of 1st period - Stopped by Jaroslav Halak with a rebound.
17:46 of 1st period - Shot by Loui Eriksson.
17:46 of 1st period - Shot Blocked by Jim Slater.
17:50 of 1st period - Shot by Andrei Markov.
17:50 of 1st period - Shot Misses the Net.
18:07 of 1st period - Icing by Jason Pominville.
18:08 of 1st period - Josh Bailey wins face-off versus Shawn Horcoff in Canadiens zone.
18:57 of 1st period - Shot by Andrei Markov.
18:57 of 1st period - Shot Misses the Net.
18:59 of 1st period - Shot by Pascal Dupuis.
18:59 of 1st period - Shot Misses the Net.
19:12 of 1st period - Shot by Jason Pominville.
19:12 of 1st period - Shot Misses the Net.
19:23 of 1st period - Bryan Little is hit by Mike Komisarek and loses puck.
19:27 of 1st period - Andy McDonald is hit by Mike Komisarek and loses puck.
19:47 of 1st period - Andy McDonald is hit by Mike Komisarek and loses puck.

Period #2

0:01 of 2nd period - Anze Kopitar wins face-off versus Evgeni Malkin in neutral zone.
0:23 of 2nd period - Patrick O'Sullivan is hit by David Booth and loses puck.
0:35 of 2nd period - Jaroslav Spacek is hit by David Booth and loses puck.
1:13 of 2nd period - Icing by Nick Schultz.
1:14 of 2nd period - Patrik Berglund wins face-off versus Andy McDonald in Panthers zone.
1:25 of 2nd period - Shot by Andy McDonald.
1:25 of 2nd period - Shot Misses the Net.
1:29 of 2nd period - Shot by Kris Russell.
1:29 of 2nd period - Shot Misses the Net.
1:49 of 2nd period - Shot by Milan Lucic.
1:49 of 2nd period - Stopped by Jaroslav Halak with a rebound.
2:08 of 2nd period - Icing by Tom Gilbert.
2:09 of 2nd period - Josh Bailey wins face-off versus Shawn Horcoff in Canadiens zone.
2:16 of 2nd period - Shot by Marc Methot.
2:16 of 2nd period - Shot Misses the Net.
2:28 of 2nd period - Shot by Jason Chimera.
2:28 of 2nd period - Stopped by Evgeni Nabokov without a rebound.
2:29 of 2nd period - Evgeni Malkin wins face-off versus Michael Peca in Canadiens zone.
2:29 of 2nd period - Evgeni Malkin is hit by Steven Goertzen.
3:47 of 2nd period - Icing by Jaroslav Spacek.
3:48 of 2nd period - Patrik Berglund wins face-off versus Michael Peca in Panthers zone.
4:01 of 2nd period - Shot by Milan Lucic.
4:01 of 2nd period - Shot Misses the Net.
4:05 of 2nd period - Shot by Milan Lucic.
4:05 of 2nd period - Stopped by Jaroslav Halak with a rebound.
4:44 of 2nd period - Shot by David Booth.
4:44 of 2nd period - Stopped by Jaroslav Halak with a rebound.
4:46 of 2nd period - Shot by Evgeni Malkin.
4:46 of 2nd period - Shot Misses the Net.
4:50 of 2nd period - Shot by Maxime Talbot.
4:50 of 2nd period - Shot Blocked by Nick Schultz.
4:54 of 2nd period - Shot by Evgeni Malkin.
4:54 of 2nd period - Stopped by Jaroslav Halak without a rebound.
4:55 of 2nd period - Shawn Horcoff wins face-off versus Josh Bailey in Panthers zone.
5:05 of 2nd period - Icing by Jason Smith.
5:06 of 2nd period - Shawn Horcoff wins face-off versus Christian Ehrhoff in Panthers zone.
6:18 of 2nd period - Shot by Andy McDonald.
6:18 of 2nd period - Deflect By Bryan Little.
6:18 of 2nd period - Stopped by Evgeni Nabokov without a rebound.
6:19 of 2nd period - Anze Kopitar wins face-off versus Evgeni Malkin in Canadiens zone.
6:20 of 2nd period - Shot by Andy McDonald.
6:20 of 2nd period - Shot Misses the Net.
6:28 of 2nd period - Shot by Andrei Markov.
6:28 of 2nd period - Shot Blocked by Mike Knuble.
6:32 of 2nd period - Shot by Jason Pominville.
6:32 of 2nd period - Shot Blocked by Andy McDonald.
6:33 of 2nd period - Minor Penalty to Marc Methot for Roughing.
6:34 of 2nd period - Evgeni Malkin wins face-off versus Josh Bailey in Panthers zone.
6:44 of 2nd period - Icing by Evgeni Malkin.
6:45 of 2nd period - Evgeni Malkin wins face-off versus Michael Peca in Canadiens zone.
6:45 of 2nd period - Evgeni Malkin is hit by Jim Slater.
6:57 of 2nd period - Icing by Brent Seabrook.
6:58 of 2nd period - Josh Bailey wins face-off versus Evgeni Malkin in Canadiens zone.
6:58 of 2nd period - Josh Bailey is hit by Brent Seabrook.
8:31 of 2nd period - Shot by Loui Eriksson.
8:31 of 2nd period - Goal by Loui Eriksson - Canadiens : 2 - Panthers : 1.
8:32 of 2nd period - Patrik Berglund wins face-off versus Bryan Little in neutral zone.
9:34 of 2nd period - Minor Penalty to Kris Russell for Slashing.
9:35 of 2nd period - Josh Bailey wins face-off versus Shawn Horcoff in Panthers zone.
9:49 of 2nd period - Minor Penalty to Marc Methot for Holding.
9:50 of 2nd period - Shawn Horcoff wins face-off versus Michael Peca in Panthers zone.
10:15 of 2nd period - Shot by David Booth.
10:15 of 2nd period - Shot Misses the Net.
10:59 of 2nd period - Shot by Jason Pominville.
10:59 of 2nd period - Stopped by Jaroslav Halak without a rebound.
11:00 of 2nd period - Jim Slater wins face-off versus Shawn Horcoff in Panthers zone.
11:06 of 2nd period - Icing by Dustin Brown.
11:07 of 2nd period - Michael Peca wins face-off versus Shawn Horcoff in Canadiens zone.
11:18 of 2nd period - Shot by Loui Eriksson.
11:18 of 2nd period - Stopped by Jaroslav Halak with a rebound.
12:40 of 2nd period - Icing by David Booth.
12:41 of 2nd period - Andy McDonald wins face-off versus Maxime Talbot in Canadiens zone.
12:58 of 2nd period - Shot by Evgeni Malkin.
12:58 of 2nd period - Stopped by Jaroslav Halak without a rebound.
12:59 of 2nd period - Anze Kopitar wins face-off versus Loui Eriksson in Panthers zone.
13:06 of 2nd period - Anton Volchenkov is hit by Mike Knuble and loses puck.
13:17 of 2nd period - Shot by Dustin Brown.
13:17 of 2nd period - Stopped by Jaroslav Halak with a rebound.
13:40 of 2nd period - Icing by Anze Kopitar.
13:41 of 2nd period - Patrik Berglund wins face-off versus Anze Kopitar in Panthers zone.
13:46 of 2nd period - Shot by Milan Lucic.
13:46 of 2nd period - Deflect By R.J. Umberger.
13:46 of 2nd period - Stopped by Jaroslav Halak without a rebound.
13:47 of 2nd period - Milan Lucic wins face-off versus Andy McDonald in Panthers zone.
15:16 of 2nd period - Shot by Jason Pominville.
15:16 of 2nd period - Stopped by Jaroslav Halak without a rebound.
15:17 of 2nd period - Shawn Horcoff wins face-off versus Mike Knuble in Panthers zone.
15:31 of 2nd period - Minor Penalty to Craig Rivet for Hooking.
15:32 of 2nd period - Evgeni Malkin wins face-off versus Michael Peca in Panthers zone.
16:48 of 2nd period - Jim Slater is hit by David Booth and loses puck.
17:29 of 2nd period - Shot by Jason Pominville.
17:29 of 2nd period - Shot Blocked by Kris Russell.
17:31 of 2nd period - Shot by Jason Pominville.
17:31 of 2nd period - Stopped by Jaroslav Halak without a rebound.
17:32 of 2nd period - Andy McDonald wins face-off versus Patrik Berglund in Panthers zone.
18:23 of 2nd period - Michael Peca is hit by Dustin Brown.
18:24 of 2nd period - Icing by Michael Peca.
18:25 of 2nd period - Michael Peca wins face-off versus Shawn Horcoff in Panthers zone.
18:25 of 2nd period - Michael Peca is hit by Dustin Brown.
18:40 of 2nd period - Icing by Tom Gilbert.
18:41 of 2nd period - Shawn Horcoff wins face-off versus Josh Bailey in Canadiens zone.
18:41 of 2nd period - Shawn Horcoff is hit by Christian Ehrhoff.
18:42 of 2nd period - Minor Penalty to Christian Ehrhoff for Cross-checking.
18:43 of 2nd period - Josh Bailey wins face-off versus Shawn Horcoff in Panthers zone.
19:22 of 2nd period - Brent Seabrook is hit by Jim Slater and loses puck.

Period #3

0:01 of 3rd period - Michael Peca wins face-off versus Evgeni Malkin in neutral zone.
0:32 of 3rd period - Shot by Evgeni Malkin.
0:32 of 3rd period - Stopped by Jaroslav Halak without a rebound.
0:33 of 3rd period - Shawn Horcoff wins face-off versus Jim Slater in Panthers zone.
1:15 of 3rd period - Shot by R.J. Umberger.
1:15 of 3rd period - Stopped by Jaroslav Halak without a rebound.
1:16 of 3rd period - Anze Kopitar wins face-off versus Shawn Horcoff in Panthers zone.
1:40 of 3rd period - Dustin Brown is hit by Craig Rivet and loses puck.
1:54 of 3rd period - Dustin Brown is hit by Craig Rivet and loses puck.
2:19 of 3rd period - Off-side.
2:20 of 3rd period - Patrik Berglund wins face-off versus Josh Bailey in neutral zone.
2:20 of 3rd period - Patrik Berglund is hit by Josh Bailey.
2:28 of 3rd period - Shot by R.J. Umberger.
2:28 of 3rd period - Stopped by Jaroslav Halak without a rebound.
2:29 of 3rd period - Evgeni Malkin wins face-off versus Andy McDonald in Panthers zone.
2:30 of 3rd period - Shot by David Booth.
2:30 of 3rd period - Stopped by Jaroslav Halak with a rebound.
2:33 of 3rd period - Icing by Nick Schultz.
2:34 of 3rd period - Patrik Berglund wins face-off versus Andy McDonald in Panthers zone.
2:37 of 3rd period - Shot by Milan Lucic.
2:37 of 3rd period - Stopped by Jaroslav Halak without a rebound.
2:38 of 3rd period - Josh Bailey wins face-off versus Evgeni Malkin in Panthers zone.
2:38 of 3rd period - Josh Bailey is hit by David Booth.
3:04 of 3rd period - Shot by Evgeni Malkin.
3:04 of 3rd period - Stopped by Jaroslav Halak with a rebound.
3:06 of 3rd period - Shot by Brent Seabrook.
3:06 of 3rd period - Stopped by Jaroslav Halak without a rebound.
3:07 of 3rd period - Patrik Berglund wins face-off versus Andy McDonald in Panthers zone.
3:07 of 3rd period - R.J. Umberger is hit by Kris Russell and loses puck.
3:29 of 3rd period - Minor Penalty to Milan Lucic for Hooking.
3:30 of 3rd period - Loui Eriksson wins face-off versus Patrick O'Sullivan in Canadiens zone.
3:38 of 3rd period - Off-side.
3:39 of 3rd period - Anze Kopitar wins face-off versus Shawn Horcoff in neutral zone.
4:35 of 3rd period - Shot by Kris Russell.
4:35 of 3rd period - Stopped by Evgeni Nabokov without a rebound.
4:36 of 3rd period - Shawn Horcoff wins face-off versus Andy McDonald in Canadiens zone.
4:44 of 3rd period - Icing by Andy McDonald.
4:45 of 3rd period - Maxime Talbot wins face-off versus Andy McDonald in Panthers zone.
5:50 of 3rd period - Mike Komisarek is hit by Steven Goertzen.
5:55 of 3rd period - Milan Lucic is hit by Jaroslav Spacek and loses puck.
6:21 of 3rd period - Shot by Shawn Horcoff.
6:21 of 3rd period - Stopped by Jaroslav Halak without a rebound.
6:22 of 3rd period - Maxime Talbot wins face-off versus Jason Chimera in Panthers zone.
6:22 of 3rd period - Maxime Talbot is hit by Jason Smith.
6:24 of 3rd period - Shot by David Booth.
6:24 of 3rd period - Shot Blocked by Jason Smith.
6:26 of 3rd period - Shot by David Booth.
6:26 of 3rd period - Stopped by Jaroslav Halak with a rebound.
6:31 of 3rd period - Evgeni Malkin is hit by Jason Smith and loses puck.
6:42 of 3rd period - Shot by Evgeni Malkin.
6:42 of 3rd period - Deflect By David Booth.
6:42 of 3rd period - Stopped by Jaroslav Halak without a rebound.
6:43 of 3rd period - Shawn Horcoff wins face-off versus Andy McDonald in Panthers zone.
6:44 of 3rd period - Shot by Loui Eriksson.
6:44 of 3rd period - Shot Misses the Net.
7:28 of 3rd period - Minor Penalty to Kris Russell for Goalie Interference.
7:29 of 3rd period - Josh Bailey wins face-off versus Loui Eriksson in Panthers zone.
8:04 of 3rd period - Shot by Loui Eriksson.
8:04 of 3rd period - Stopped by Jaroslav Halak without a rebound.
8:05 of 3rd period - Michael Peca wins face-off versus Shawn Horcoff in Panthers zone.
9:29 of 3rd period - Nick Schultz is hit by Milan Lucic and loses puck.
9:37 of 3rd period - Nick Schultz and Milan Lucic fight to a draw.
9:37 of 3rd period - Penalty to Nick Schultz for Fighting.
9:37 of 3rd period - Penalty to Milan Lucic for Fighting.
9:38 of 3rd period - Andy McDonald wins face-off versus Patrik Berglund in Panthers zone.
9:53 of 3rd period - Shot by Bryan Little.
9:53 of 3rd period - Stopped by Evgeni Nabokov without a rebound.
9:54 of 3rd period - Anze Kopitar wins face-off versus Maxime Talbot in Canadiens zone.
9:57 of 3rd period - Shot by Patrick O'Sullivan.
9:57 of 3rd period - Shot Misses the Net.
10:05 of 3rd period - Shot by Evgeni Malkin.
10:05 of 3rd period - Shot Misses the Net.
10:09 of 3rd period - Shot by Evgeni Malkin.
10:09 of 3rd period - Stopped by Jaroslav Halak with a rebound.
10:11 of 3rd period - Shot by Maxime Talbot.
10:11 of 3rd period - Deflect By Evgeni Malkin.
10:11 of 3rd period - Shot Misses the Net.
10:13 of 3rd period - Shot by Maxime Talbot.
10:13 of 3rd period - Shot Blocked by Craig Rivet.
10:15 of 3rd period - Shot by Loui Eriksson.
10:15 of 3rd period - Stopped by Jaroslav Halak with a rebound.
10:17 of 3rd period - Shot by Loui Eriksson.
10:17 of 3rd period - Stopped by Jaroslav Halak with a rebound.
10:19 of 3rd period - Shot by Evgeni Malkin.
10:19 of 3rd period - Stopped by Jaroslav Halak without a rebound.
10:20 of 3rd period - Andy McDonald wins face-off versus Shawn Horcoff in Panthers zone.
10:45 of 3rd period - Patrik Berglund is hit by Maxim Afinogenov and loses puck.
11:46 of 3rd period - Ken Klee is hit by Steven Goertzen and loses puck.
12:01 of 3rd period - Shot by Jim Slater.
12:01 of 3rd period - Shot Misses the Net.
12:05 of 3rd period - Shot by Jim Slater.
12:05 of 3rd period - Shot Blocked by Mike Komisarek.
12:07 of 3rd period - Shot by Michael Peca.
12:07 of 3rd period - Shot Blocked by Mike Komisarek.
12:27 of 3rd period - Shot by Kris Russell.
12:27 of 3rd period - Stopped by Evgeni Nabokov with a rebound.
12:31 of 3rd period - Shot by Andy McDonald.
12:31 of 3rd period - Shot Misses the Net.
12:35 of 3rd period - Shot by Maxim Afinogenov.
12:35 of 3rd period - Shot Misses the Net.
12:39 of 3rd period - Shot by Maxim Afinogenov.
12:39 of 3rd period - Shot Misses the Net.
12:43 of 3rd period - Shot by Andy McDonald.
12:43 of 3rd period - Stopped by Evgeni Nabokov without a rebound.
12:44 of 3rd period - Anze Kopitar wins face-off versus Evgeni Malkin in Canadiens zone.
13:54 of 3rd period - Minor Penalty to Dustin Brown for Roughing.
13:55 of 3rd period - Andy McDonald wins face-off versus Maxime Talbot in Canadiens zone.
13:57 of 3rd period - Maxim Afinogenov is hit by Anton Volchenkov.
16:39 of 3rd period - Icing by David Booth.
16:40 of 3rd period - Andy McDonald wins face-off versus Dustin Brown in Canadiens zone.
17:15 of 3rd period - Minor Penalty to Patrick O'Sullivan for Hooking.
17:16 of 3rd period - Shawn Horcoff wins face-off versus Michael Peca in Panthers zone.
17:38 of 3rd period - Icing by Pascal Dupuis.
17:39 of 3rd period - Shawn Horcoff wins face-off versus Josh Bailey in Canadiens zone.
19:15 of 3rd period - Shot by David Booth.
19:15 of 3rd period - Shot Misses the Net.
19:21 of 3rd period - Panthers, Jaroslav Halak is pulled from the net.
19:41 of 3rd period - Shot by Bryan Little.
19:41 of 3rd period - Stopped by Evgeni Nabokov without a rebound.
19:42 of 3rd period - Shawn Horcoff wins face-off versus Anze Kopitar in Canadiens zone.


Output by the SimonT Hockey Simulator (STHS) for Stephane Roy -- Original Page W3C XHTML 1.0 Valid